 Dungeon Crawl Stone Soup version 0.25-a0-365-g7600c65 (webtiles) character file.

Game seed: 17245471850387815514, levelgen mode: deterministic

975 Birdy the Covert (level 8, -1/39 HPs)
             Began as a Vine Stalker Assassin on Jan 5, 2020.
             Killed from afar by a steam dragon (16 damage)
             ... with a ball of steam
             ... on level 5 of the Dungeon.
             The game lasted 00:06:54 (3892 turns).

Birdy the Covert (Vine Stalker Assassin)            Turns: 3892, Time: 00:06:54

Health: -1/39      AC:  6    Str: 14    XL:     8   Next: 16%
Magic:  0/9        EV: 12    Int: 11    God:
Gold:   174        SH:  0    Dex: 18    Spells: 8/8 levels left

rFire    . . .     SeeInvis .   m - +1 short sword (elec)
rCold    . . .     Gourm    .   (no shield)
rNeg     . . .     Faith    .   b - +0 robe
rPois    .         Spirit   +   (no helmet)
rElec    .         Reflect  .   c - +0 cloak
rCorr    .         Harm     .   o - +0 pair of gloves (curse)
MR       ++...                  (no boots)
Stlth    ++++......             (no amulet)
HPRegen  0.53/turn              n - +2 ring of protection
MPRegen  0.11/turn              s - ring of protection from magic

@: no status effects
A: fangs 3, regeneration 1, magic shield, antimagic bite, no potion heal 3, rot
immunity
a: no special abilities


You were on level 5 of the Dungeon.
You were not hungry.

You visited 2 branches of the dungeon, and saw 6 of its levels.

You collected 279 gold pieces.
You spent 105 gold pieces at shops.

Inventory:

Hand Weapons
 i - a +2 short sword of speed
 m - a +1 short sword of electrocution (weapon)
 q - a +0 war axe of chopping
Missiles
 d - 8 poisoned darts (quivered)
 e - 2 curare-tipped darts
Armour
 b - a +0 robe (worn)
 c - a +0 cloak (worn)
 o - a cursed +0 pair of gloves (worn)
Jewellery
 n - a +2 ring of protection (left hand)
 s - a ring of protection from magic (right hand)
Scrolls
 a - 2 scrolls of amnesia
 g - 3 scrolls of teleportation
 h - 2 scrolls of enchant armour
 j - 2 scrolls of magic mapping
 k - 3 scrolls of blinking
 l - 5 scrolls of remove curse
 p - 3 scrolls of identify
 u - a scroll of enchant weapon
 w - a scroll of noise {unknown}
Potions
 r - a potion of might
 t - 2 potions of lignification
Comestibles
 f - 13 rations


   Skills:
 - Level 2.0 Fighting
 * Level 6.9 Short Blades
 - Level 1.7 Throwing
 - Level 1.0 Dodging
 + Level 8.3 Stealth
 - Level 0.6 Spellcasting


You had 8 spell levels left.
You didn't know any spells.
Your spell library was empty.

Dungeon Overview and Level Annotations

Branches:
Dungeon (5/15)             Temple (1/1) D:5

Altars:
Dithmenos
Elyvilon
Fedhas
Gozag
Hepliaklqana
Nemelex Xobeh
Okawaru
Sif Muna
Uskayaw
Xom
Yredelemnul
Zin

Shops:
D:5 ?


Innate Abilities, Weirdness & Mutations

You have razor-sharp teeth.
Your natural rate of healing is unusually fast.
When hurt, damage is shared between your health and your magic reserves.
Your bite disrupts and absorbs the magic of your enemies.
Potions cannot restore your health.
You are immune to rotting.


Message History

The steam dragon hisses angrily.
You hit the steam dragon.
Lightning courses through the steam dragon!
You bite the steam dragon. You drain its power.
The steam dragon is heavily wounded.
You are engulfed in a cloud of scalding steam.
The fungus is engulfed in a cloud of scalding steam.
The fungus is engulfed in a cloud of scalding steam.
The steam dragon bites you. The steam dragon barely misses you.
The fungus is engulfed in a cloud of scalding steam.
The steam dragon bites you. The steam dragon claws you.
The steam dragon breathes steam at you. The ball of steam hits you!
The fungus is engulfed in a cloud of scalding steam. x2
The steam dragon bites you! The steam dragon claws you.
You barely miss the steam dragon.
The steam dragon is heavily wounded.
The steam dragon breathes steam at you. The ball of steam hits you!!
You die...

#..###...###.###...
#≈.P##.............
#..≈##...###.##....
#..≈##...# #.#.)#..
#≈.≈##...###.#.....
#P.≈#.........)#.#.
##.§P##.#>####..#.##
##P≈D.§#....(..)##...
#.?.@.§###.###..#....
#....§§§.##.....##..>.
#≈...D§P≈##.#.#.......
#≈P....P###.#...###...
##....≈.#...+.....###.
##P^P#####.#.......#.
#########.#.........
#.......#####.#
#.##.##.#####..


You could see 2 steam dragons.

Vanquished Creatures
  4 phantoms
  An ogre (D:4)
  A scorpion (D:5)
  A bullfrog zombie (D:5)
  A hound (D:5)
  A bullfrog skeleton (D:5)
  A jelly (D:5)
  Terence (D:2)
  2 iguanas (D:4)
  2 orc wizards (D:5)
  2 worker ants
  A hound zombie (D:5)
  A worker ant zombie (D:5)
  An adder (D:3)
  6 gnolls
  A shadow imp (D:5)
  An adder zombie (D:5)
  3 worms
  3 dart slugs
  2 leopard geckos (D:5)
  4 orcs (D:5)
  5 bats
  4 giant cockroaches
  9 hobgoblins
  6 jackals
  3 quokkas
  2 ball pythons (D:3)
  3 frilled lizards
  7 goblins
  5 kobolds
  5 rats
89 creatures vanquished.

Notes
Turn   | Place    | Note
-------+----------+-------------------------------------------
     0 | D:1      | Birdy the Vine Stalker Assassin began the quest for the
                  | Orb.
     0 | D:1      | Reached XP level 1. HP: 11/11 MP: 2/2
   203 | D:1      | Reached XP level 2. HP: 8/15 MP: 3/3
   206 | D:1      | Reached skill level 1 in Dodging
   208 | D:1      | Reached skill level 5 in Stealth
   997 | D:2      | Noticed Terence
  1010 | D:2      | Killed Terence
  1010 | D:2      | Reached XP level 3. HP: 6/18 MP: 1/4
  1494 | D:2      | Gained mutation: Your natural rate of healing is unusually
                  | fast. [Vine Stalker growth]
  1494 | D:2      | Reached XP level 4. HP: 23/23 MP: 5/5
  2468 | D:4      | Noticed an ogre
  2473 | D:4      | Killed an ogre
  2473 | D:4      | Reached skill level 6 in Stealth
  2473 | D:4      | Reached XP level 5. HP: 26/26 MP: 6/6
  2620 | D:4      | Reached XP level 6. HP: 22/30 MP: 4/7
  2642 | D:4      | Noticed a phantom
  2650 | D:4      | Killed a phantom
  2725 | D:4      | Reached skill level 5 in Short Blades
  3135 | D:5      | Entered Level 5 of the Dungeon
  3146 | D:5      | Found Diprimel's Magic Scroll Shop.
  3153 | D:5      | Reached skill level 7 in Stealth
  3160 | D:5      | Noticed a phantom
  3178 | D:5      | Reached XP level 7. HP: 32/35 MP: 8/8
  3198 | D:5      | Bought a scroll of enchant weapon for 105 gold pieces
  3208 | D:5      | Found a staircase to the Ecumenical Temple.
  3221 | Temple   | Entered the Ecumenical Temple
  3415 | D:5      | Reached skill level 8 in Stealth
  3476 | D:5      | Gained mutation: You have razor-sharp teeth. [Vine Stalker
                  | growth]
  3476 | D:5      | Reached XP level 8. HP: 34/39 MP: 9/9
  3838 | D:5      | Found a shimmering altar of Xom.
  3892 | D:5      | Killed from afar by a steam dragon

Levels and vault maps discovered:
D:1:      co_arrival_square_in_a_square_in_a_square, layout_basic,
          lemuel_another_geyser
D:2:      mumra_celtic_spiral_tile, layout_rooms, uniq_terence
D:3:      layout_rooms, kennysheep_crisscross
D:4:      layout_basic, first_ration, ldierk_geyser
D:5:      kennysheep_steamy, layout_basic, makhleb_blood_cavern_becter,
          minmay_temple_entry_slanted, basic_altar, serial_shops, shop
Temple:   minmay_temple_bridge_abc

Skill      XL: |  1  2  3  4  5  6  7 |
---------------+----------------------+-----
Short Blades   | 2 4 5 6 |  6.9
Fighting       | 2 |  2.0
Dodging        | 1 |  1.0
Stealth        | 5 6 7 8 |  8.3
Throwing       | |  1.7
Spellcasting   | |  0.6

Action                   |  1- 3 |  4- 6 |  7- 9 || total
-------------------------+-------+-------+-------++-------
Melee: Dagger            |    28 |       |       ||    28
       Bite              |    14 |    19 |    27 ||    60
       Short sword       |    34 |    99 |    85 ||   218
  Use: Potion            |     3 |     1 |       ||     4
       Scroll            |     4 |       |     3 ||     7
 Stab: Sleeping          |     5 |     7 |     2 ||    14
       Distracted        |       |     1 |       ||     1
  Eat: Chunk             |     1 |     5 |     3 ||     9
Armor: Robe              |    15 |    31 |    11 ||    57
Dodge: Dodged            |    22 |    43 |    29 ||    94

Table legend:
 A = Non-vault XP
 B = Vault XP
 C = Vault XP percentage of total XP
 D = Non-vault monster count
 E = Vault monster count
 F = Vault count percentage of total count
                 A         B        C        D         E       F
            +---------+---------+-------+---------+---------+-------
      Total |    1312 |      82 |   5.9 |      87 |       2 |   2.2
            +---------+---------+-------+---------+---------+-------
        D:1 |      25 |       0 |   0.0 |      13 |       0 |   0.0
        D:2 |      26 |      36 |  58.1 |      14 |       1 |   6.7
        D:3 |      58 |       0 |   0.0 |      22 |       0 |   0.0
        D:4 |     397 |       0 |   0.0 |      12 |       0 |   0.0
        D:5 |     806 |      46 |   5.4 |      26 |       1 |   3.7
            +---------+---------+-------+---------+---------+-------
